 Dungeon Crawl Stone Soup version 0.30-a0-748-ge6a52f7cba (webtiles) character file.

Game seed: 4735700193063756091

9 boo the Trooper (level 2, -7/24 HPs)
             Began as a Demonspawn Monk on Feb 8, 2023.
             Mangled by Sigmund
             ... wielding a +0 scythe
              (11 damage)
             ... on level 2 of the Dungeon.
             The game lasted 00:01:16 (933 turns).

boo the Trooper (Demonspawn Monk)                    Turns: 933, Time: 00:01:16

Health: -7/24      AC:  2    Str: 11    XL:     2   Next: 3%
Magic:  2/2        EV: 13    Int: 11    God:
Gold:   97         SH:  0    Dex: 15    Spells: 1/1 levels left

rFire   . . .      SeeInvis .      - Unarmed
rCold   . . .      Faith    .    (no shield)
rNeg    . . .      Spirit   .    a - +0 robe
rPois   .          Reflect  .    (helmet restricted)
rElec   .          Harm     .    (no cloak)
rCorr   .          Rampage  .    (no gloves)
Will    .....                    (no boots)
Stlth   ++                       (no amulet)
HPRegen 0.24/turn                (no ring)
MPRegen 0.08/turn                (no ring)

@: no status effects
A: horns 1
a: no special abilities


You were on level 2 of the Dungeon.
You visited 1 branch of the dungeon, and saw 2 of its levels.

You collected 97 gold pieces.

Inventory:

Hand Weapons
 d - a +0 lajatang
Armour
 a - a +0 robe (worn)
 h - a +0 buckler
Scrolls
 c - a scroll of identify {unknown}
 e - a scroll of noise {unknown}
 i - a scroll of vulnerability {unknown}
Potions
 b - a potion of ambrosia
 f - a potion of attraction {unknown}
 g - a potion of flight {unknown}


   Skills:
 + Level 3.1 Fighting
 + Level 2.8 Dodging
 - Level 1.7 Stealth
 * Level 3.0 Unarmed Combat


You had one spell level left.
You didn't know any spells.
Your spell library contained the following spells:

 Spells                   Type           Power      Damage    Failure   Level
 Call Canine Familiar     Summ           0%         N/A       71%         3
 Portal Projectile        Hex/Tloc       0%         N/A       71%         3
 Leda's Liquefaction      Hex/Erth       0%         N/A       98%         4


Dungeon Overview and Level Annotations

Branches:
Dungeon (2/15)

Altars:

Annotations:
D:2 Sigmund


Innate Abilities, Weirdness & Mutations

You have a pair of small horns on your head.


Message History

The jackal closely misses you.
You hit the jackal.
The jackal is severely wounded.
The jackal bites you but does no damage.
You hit the jackal.
You kill the jackal!
Your Unarmed Combat skill increases to level 3!
You have reached level 2!
Your demonic ancestry asserts itself...
A pair of horns grows on your head!
You start resting.
HP restored.
You climb downwards.
Level annotation: Sigmund
There is a stone staircase leading up here.
You hit the kobold.
The kobold is moderately wounded.
Sigmund laughs darkly.
The kobold barely misses you.
You hit the kobold.
You kill the kobold!
Sigmund casts a spell.
Sigmund flickers and vanishes!
Deactivating autopickup; reactivate with Ctrl-A.
You hear some strange, mumbled words.
Something tries to affect you, but you resist.
Things that are here:
a +0 short sword; 4 stones Something hits you!
You hit something. You barely miss something. Your headbutt misses something.
Something hits you!
* * * LOW HITPOINT WARNING * * *
You closely miss something. Something barely misses you.
You barely miss something. You hit something.
You hear some strange, mumbled words.
A puff of flame appears from out of thin air!
The puff of flame misses you.
You barely miss something. Something hits you!
You die...

##.#....[# ....
#..####+## ....
.######K### ..
>.........#
#########.###.#
####.......#
#<##.#.#####
#)##K#.#
#@##.#.#
#{##.#.#
#....#.#
######.. ###


There were no monsters in sight!

Vanquished Creatures
  A ball python (D:1)
  An endoplasm (D:1)
  2 jackals
  A bat (D:1)
  A frilled lizard (D:1)
  3 kobolds
9 creatures vanquished.

Notes
Turn   | Place    | Note
-------+----------+-------------------------------------------
     0 | D:1      | boo the Demonspawn Monk began the quest for the Orb.
     0 | D:1      | Reached XP level 1. HP: 18/18 MP: 1/1
    48 | D:1      | Found a faded altar of an unknown god.
   813 | D:2      | Noticed Sigmund
   870 | D:1      | Gained mutation: You have a pair of small horns on your
                  | head. [demonic ancestry]
   870 | D:1      | Reached XP level 2. HP: 11/24 MP: 2/2
   933 | D:2      | Mangled by Sigmund

Illustrated notes

Levels and vault maps discovered:
D:1:      psy_arrival_statuary, layout_basic, hellmonk_ecumenical_altar_blasted
D:2:      layout_basic, wander_ebering_terrifying_dragon_lair, uniq_natasha,
          uniq_sigmund

Skill      XL: |  1 |
---------------+----+-----
Unarmed Combat | 3 |  3.0
Fighting       | |  3.1
Dodging        | |  2.8
Stealth        | |  1.7

Action                     || total
---------------------------++-------
  Melee: Unarmed           ||    43
 Armour: Robe              ||    14
  Dodge: Dodged            ||    44

Table legend: (Time is in decaauts)
 A = Elapsed time spent in this place.
 B = Non-inter-level travel time spent in this place.
 C = Inter-level travel time spent in this place.
 D = Time resting spent in this place.
 E = Time spent auto-exploring this place.
 F = Levels seen in this place.
 G = Mean time per level.
                   A        B        C        D        E       F      G
               +--------+--------+--------+--------+--------+-----+--------+
         Total |    931 |    877 |     54 |     59 |    670 |   2 |  465.5 |
       Dungeon |    931 |    877 |     54 |     59 |    670 |   2 |  465.5 |
               +--------+--------+--------+--------+--------+-----+--------+

Top non-repeatable levels by time:
     D:1: 828 daAuts
     D:2: 102 daAuts
